 Dungeon Crawl Stone Soup version 0.21.1-1-g345015f (webtiles) character file.

32 miragecloak the Chopper (level 3, -1/29 HPs)
             Began as a Formicid Abyssal Knight on Mar 19, 2018.
             Was a Follower of Lugonu.
             Slain by Terence
             ... wielding a cursed +0 short sword
              (2 damage)
             ... on level 2 of the Dungeon.
             The game lasted 00:01:43 (670 turns).

miragecloak the Chopper (Formicid Abyssal Knight)    Turns: 670, Time: 00:01:44

Health: -1/29      AC:  3    Str: 17    XL:     3   Next: 42%
Magic:  4/4        EV: 11    Int: 11    God:    Lugonu [*.....]
Gold:   14         SH:  0    Dex: 10    Spells: 2/2 levels left

rFire    . . .     SeeInvis +   a - +1 hand axe
rCold    . . .     Gourm    .   (no shield)
rNeg     . . .     Faith    .   b - +0 leather armour
rPois    .         Spirit   .   (helmet unavailable)
rElec    .         Reflect  .   (no cloak)
rCorr    .         Harm     .   (no gloves)
MR       .....                  (no boots)
Stlth    +.........             (no amulet)
HPRegen  0.09/turn              (no ring)
MPRegen  0.09/turn              (no ring)

@: no status effects
A: permanent stasis, dig shafts and tunnels, four strong arms, antennae 3
a: Dig, Shaft Self, Depart the Abyss, Renounce Religion


You were on level 2 of the Dungeon.
You worshipped Lugonu.
Lugonu was aware of your devotion.
You were not hungry.

You visited 1 branch of the dungeon, and saw 2 of its levels.
You visited the Abyss 1 time.

You collected 14 gold pieces.

Inventory:

Hand Weapons
 a - a +1 hand axe (weapon)
Armour
 b - a +0 leather armour (worn)
Scrolls
 d - 2 scrolls of fear {unknown}
 f - a scroll of noise {unknown}
 g - a scroll of teleportation {unknown}
 i - a scroll of blinking {unknown}
 l - a scroll of remove curse {unknown}
 o - a scroll of amnesia {unknown}
Potions
 e - a potion of heal wounds {unknown}
 h - a potion of agility
 j - a potion of invisibility {unknown}
 k - a potion of mutation {unknown}
 m - a potion of resistance {unknown}
 n - a potion of haste {unknown}
Comestibles
 c - 5 rations


   Skills:
 - Level 3.2 Fighting
 + Level 3.6 Axes
 - Level 2.1 Armour
 - Level 0.8 Dodging
 - Level 2.1 Invocations


You had 2 spell levels left.
You didn't know any spells.

Dungeon Overview and Level Annotations

Branches:
Dungeon (2/15)

Altars:

Annotations:
D:2 Terence


Innate Abilities, Weirdness & Mutations

You cannot be hasted, slowed, berserked, paralysed or teleported.
You can dig through walls and to a lower floor.
Your four strong arms can wield two-handed weapons with a shield.
You have a pair of large antennae on your head. (SInv)


Message History

Terence completely misses you.
Okay, then.
You extend your mandibles.
What are your orders? t - Shout!
Orders for allies: a - Attack new target. r - Retreat! s - Stop attacking. g - Guard the area. f - Follow me.
Anything else - Cancel.
Okay, then.
You retract your mandibles.
Unknown command.
Are you sure you want to shaft yourself?
You feel quite a bit more hungry. The jackal barely misses you.
Terence hits you with a short sword.
* * * LOW HITPOINT WARNING * * *
The jackal barely misses you.
You begin to dig a shaft.
You continue digging a shaft.
The jackal closely misses you. Terence hits you with a short sword.
You die...

#...... .......
....... #......
....... #.....
#...J######..#
#...Kh@@wZZ...
#.....#########
......! .......
...8..# ......
...... ..!.##


You could see Terence, an ooze, a dart slug, a hound zombie, a jackal, a kobold
and an adder skeleton.

Vanquished Creatures
  A leopard gecko (D:1)
  6 bats (D:1)
  A bat skeleton (D:2)
  A giant cockroach (D:2)
  4 goblins (D:1)
  3 hobgoblins (D:1)
  2 jackals (D:2)
  2 kobolds (D:1)
  2 ball pythons (D:1)
  2 frilled lizards (D:1)
  A quokka skeleton (D:2)
  A quokka zombie (D:2)
  2 rats (D:1)
28 creatures vanquished.

Notes
Turn   | Place    | Note
-------+----------+-------------------------------------------
     0 | Abyss:1  | miragecloak the Formicid Abyssal Knight began the quest for the Orb.
     0 | Abyss:1  | Reached XP level 1. HP: 18/18 MP: 2/2
    93 | Abyss:1  | Noticed a tentacled starspawn
    94 | D:1      | Escaped the Abyss
   177 | D:1      | Reached XP level 2. HP: 20/24 MP: 3/3
   179 | D:1      | Reached * piety under Lugonu
   374 | D:1      | Reached XP level 3. HP: 29/29 MP: 4/4
   649 | D:2      | Noticed Terence
   669 | D:2      | HP: 1/29 [Terence/short sword (6)]
   670 | D:2      | Slain by Terence

Skill      XL: |  1  2 |
---------------+-------+-----
Axes           | 3 |  3.6
Fighting       | |  3.2
Armour         | |  2.1
Dodging        | |  0.8
Invocations    | |  2.1

Action                   || total
-------------------------++-------
Melee: Hand axe          ||    59
Invok: Depart the Abyss  ||     1
 Abil: Dig               ||     2
       Shaft Self        ||     1
Armor: Leather armour    ||    22
Dodge: Dodged            ||    67
